 Dungeon Crawl Stone Soup version 0.28.0-53-g5a82cb258f (webtiles) character file.

Game seed: 10406898142578111503

221 COBRA the Chopper (level 5, 0/42 HPs)
             Began as a Demonspawn Fighter on Aug 6, 2022.
             Slain by a centaur (3 damage)
             ... on level 6 of the Dungeon.
             The game lasted 00:07:47 (2074 turns).

COBRA the Chopper (Demonspawn Fighter)              Turns: 2074, Time: 00:07:48

Health: 0/42       AC:  7    Str: 19    XL:     5   Next: 65%
Magic:  5/5        EV:  9    Int:  9    God:
Gold:   170        SH:  5    Dex: 18    Spells: 4/4 levels left

rFire   . . .      SeeInvis .   a - +0 war axe (vamp)
rCold   . . .      Faith    .   c - +0 buckler
rNeg    . . .      Spirit   .   b - +0 scale mail
rPois   .          Reflect  .   (no helmet)
rElec   .          Harm     .   (no cloak)
rCorr   .          Rampage  .   (no gloves)
Will    .....                   h - +0 pair of boots
Stlth   ..........              (no amulet)
HPRegen 0.14/turn               m - +6 ring of dexterity
MPRegen 0.09/turn               (no ring)

@: mighty
A: powered by death 2, demonic touch 1
a: no special abilities


You were on level 6 of the Dungeon.
You visited 1 branch of the dungeon, and saw 6 of its levels.

You collected 170 gold pieces.

Inventory:

Hand Weapons
 a - a +0 vampiric war axe (weapon)
Missiles
 k - 4 curare-tipped darts (quivered)
Armour
 b - a +0 scale mail (worn)
 c - a +0 buckler (worn)
 h - a +0 pair of boots (worn)
Jewellery
 l - an amulet of guardian spirit
 m - a +6 ring of dexterity (left hand)
Wands
 q - a wand of charming (10)
Scrolls
 p - a scroll of blinking {unknown}


   Skills:
 * Level 3.7 Fighting
 * Level 5.0 Axes
 - Level 2.6 Armour
 - Level 2.6 Shields


You had 4 spell levels left.
You didn't know any spells.
Your spell library contained the following spells:

 Spells                   Type           Power      Damage    Failure   Level
 Ensorcelled Hibernation  Hex/Ice        0%         N/A       94%         2
 Passwall                 Tmut/Erth      0%         N/A       94%         2
 Swiftness                Air            0%         N/A       99%         3
 Dispersal                Tloc           0%         N/A       100%        6
 Disjunction              Tloc           0%         N/A       100%        8


Dungeon Overview and Level Annotations

Branches:
Dungeon (7/15)
 Temple: D:4-7

Altars:
The Shining One

Shops:
D:2 (

Annotations:
D:3 exclusion: downstairs
D:6 Pikel


Innate Abilities, Weirdness & Mutations

You regenerate health from kills.
Your touch may inflict minor irresistible damage on your foes.


Message History

* * * LOW HITPOINT WARNING * * *
You fly upwards.
Level annotation: Pikel
Found a stone staircase leading down.
There is a stone staircase leading down here.
You start resting.
You are starting to lose your buoyancy.
You start resting.
You float gracefully downwards.
You start resting.
HP restored.
There is a stone staircase leading down here.
A centaur comes into view.
The centaur shouts!
The centaur wields a +0 shortbow.
The centaur shoots an arrow.
The arrow barely misses you.
The centaur shoots an arrow.
You block the arrow.
Found 7 gold pieces.
The centaur shoots an arrow.
The arrow hits you.
Found a scroll of fog.
The centaur shoots an arrow.
The arrow hits you!
The centaur shoots an arrow.
The arrow hits you!
The centaur shoots an arrow.
The arrow hits you.
* * * LOW HITPOINT WARNING * * *
Found a whip.
The centaur shoots an arrow.
The arrow completely misses you.
The centaur shoots an arrow.
The arrow closely misses you.
The centaur unwields a +0 shortbow.
The centaur hits you but does no damage.
The centaur kicks you but does no damage.
You feel very mighty all of a sudden. The centaur hits you.
* * * LOW HITPOINT WARNING * * *
The centaur kicks you.
* * * LOW HITPOINT WARNING * * *
You slash the centaur!
The centaur is moderately wounded.
The centaur hits you but does no damage.
The centaur kicks you but does no damage.
You block the centaur's attack. The centaur kicks you.
* * * LOW HITPOINT WARNING * * *
The centaur hits you but does no damage.
The centaur kicks you.
You die...

*,****,,,,,,,,,,,,**,_,** *,*
*,,,..........####* *<*
*,,,.......?.....## ,,*
**,,,..............## ,**
*,,,,............#..#
,****,,,,.)..........##.#######
,,,,,,*,,.....................#
**,,,,,,,....#.....##.........#
,,,,******#....c@.............#
,,,,,,,,,..........$#......>..#
,,,,*****############..>......#
<,,,* ########### ,,,,* ,<,,*
*****


You could see a centaur.

Vanquished Creatures
  A lemure (D:6)
  A hound (D:6)
  Jessica (D:2)
  An iguana (D:4)
  A gnoll (D:6)
  5 adders
  An ufetubus (D:3)
  A worm (D:3)
  2 dart slugs
  5 orcs (D:3)
  4 bats
  5 endoplasms
  3 giant cockroaches
  11 goblins
  4 hobgoblins
  6 jackals
  A quokka (D:1)
  6 ball pythons
  2 frilled lizards (D:3)
  4 kobolds
  4 rats
69 creatures vanquished.

Vanquished Creatures (others)
  4 toadstools (D:1)
4 creatures vanquished.

Grand Total: 73 creatures vanquished

Notes
Turn   | Place    | Note
-------+----------+-------------------------------------------
     0 | D:1      | COBRA the Demonspawn Fighter began the quest for the Orb.
     0 | D:1      | Reached XP level 1. HP: 18/18 MP: 1/1
    70 | D:1      | Reached skill level 2 in Axes
   124 | D:2      | Gained mutation: You regenerate a little health from kills.
                  | [demonic ancestry]
   124 | D:2      | Reached XP level 2. HP: 24/24 MP: 2/2
   156 | D:2      | Reached skill level 3 in Axes
   221 | D:1      | Reached XP level 3. HP: 29/29 MP: 3/3
   636 | D:2      | Noticed Jessica
   641 | D:2      | Killed Jessica
   696 | D:3      | Reached skill level 4 in Axes
   696 | D:3      | Gained mutation: You regenerate health from kills. [demonic
                  | ancestry]
   696 | D:3      | Reached XP level 4. HP: 17/35 MP: 4/4
   780 | D:2      | Found Qyc Nuta's Weapon Boutique.
  1053 | D:4      | Noticed an ogre
  1216 | D:3      | Gained mutation: Your touch may inflict minor irresistible
                  | damage on your foes. [demonic ancestry]
  1216 | D:3      | Reached XP level 5. HP: 41/41 MP: 5/5
  1724 | D:4      | You fall into a shaft and drop 2 floors!
  1724 | D:6      | Noticed Pikel
  1724 | D:6      | Noticed a lemure
  1724 | D:6      | Noticed a lemure
  1724 | D:6      | Noticed a lemure
  1724 | D:6      | Noticed a lemure
  1724 | D:6      | Noticed a water moccasin
  1731 | D:6      | Noticed a steam dragon
  1734 | D:6      | Reached skill level 5 in Axes
  1738 | D:6      | Killed a lemure
  1766 | D:7      | Noticed an orc warrior
  1777 | D:7      | HP: 2/42 [orc warrior/+0 trident (11)]
  2067 | D:6      | Noticed a centaur
  2074 | D:6      | Slain by a centaur

Illustrated notes

Levels and vault maps discovered:
D:1:      ldierk_walled_garden_2, layout_basic
D:2:      layout_basic, basic_altar, serial_shops, shop_coins, uniq_jessica
D:3:      kennysheep_the_goblin_king, layout_basic, kennysheep_slug_shrine,
          minmay_goblin_kobold_house
D:4:      layout_layer_cave, good_gods_mini_temple, makhleb_blood_cavern_becter,
          kennysheep_mini, minmay_temple_entry_statues, uniq_crazy_yiuf_cottage
D:6:      layout_rooms, grunt_temple_overflow_magic_moments, uniq_pikel
D:7:      minmay_the_grid_four_pointed_star
          [minmay_the_grid_triangle_9x9_negative_grid,
          minmay_the_grid_triangle_9x9_odd_lines,
          minmay_the_grid_triangle_9x9_fully_insulated_deathbox,
          minmay_the_grid_triangle_9x9_impossible_snake,
          minmay_the_grid_prize_big_room], layout_layer_cave,
          mainiacjoe_overflow_alcove_4, minmay_alternating_orb, uniq_harold,
          uniq_menkaure

Skill      XL: |  1  2  3  4  5 |
---------------+----------------+-----
Axes           | 2 3 4 5 |  5.0
Fighting       | |  3.7
Armour         | |  2.6
Shields        | |  2.6

Action                   |  1- 3 |  4- 6 || total
-------------------------+-------+-------++-------
Melee: War axe           |    56 |   101 ||   157
  Use: Scroll            |       |     6 ||     6
       Potion            |       |     6 ||     6
Armor: Scale mail        |    31 |    61 ||    92
Dodge: Dodged            |    32 |    74 ||   106
Block: Buckler           |    14 |    35 ||    49
